[ PARTIDA AOE2 · #482671112 ]
UnrankedMalayos vs Japanese
Equipo del jugador · DERR
[ ANÁLISIS DE REPETICIÓN · EXTRAÍDO DE LA PARTIDA GRABADA ]
Feudal
13:33
Castillos
16:42
Imperial
—
| APM promedio | 48.4 |
| APM pico | 96 |
| eAPM promedio | 23.3 |
| Aldeanos / militares | 79 / 96 |
Foco
⚔️ 38.4% · 🌾 61.6%
Karambit Warrior ×82 · Battering Ram ×12 · Fishing Ship ×11 · Scorpion ×2
Feudal
14:23
Castillos
19:21
Imperial
28:45
| APM promedio | 24.1 |
| APM pico | 55 |
| eAPM promedio | 15.9 |
| Aldeanos / militares | 100 / 13 |
Foco
⚔️ 21.9% · 🌾 78.1%
Fishing Ship ×23 · Demolition Raft ×7 · Unknown (2626) ×5 · Rattan Archer ×4 · Trebuchet (Packed) ×2
Feudal
13:34
Castillos
20:13
Imperial
—
| APM promedio | 30.2 |
| APM pico | 53 |
| eAPM promedio | 15.7 |
| Aldeanos / militares | 53 / 49 |
Foco
⚔️ 22.1% · 🌾 77.9%
Cavalry Archer ×49 · Fishing Ship ×4 · Unknown (2626) ×4
Feudal
11:58
Castillos
17:02
Imperial
—
| APM promedio | 40.4 |
| APM pico | 71 |
| eAPM promedio | 21.5 |
| Aldeanos / militares | 69 / 19 |
Foco
⚔️ 22.2% · 🌾 77.8%
Unknown (2626) ×25 · Galley ×19 · Fishing Ship ×14
Feudal
14:21
Castillos
22:35
Imperial
—
| APM promedio | 26.1 |
| APM pico | 52 |
| eAPM promedio | 15.0 |
| Aldeanos / militares | 77 / 36 |
Foco
⚔️ 42.0% · 🌾 58.0%
Unknown (2626) ×33 · Fire Galley ×30 · Fishing Ship ×12 · Demolition Raft ×5 · Galley ×1
Feudal
—
Castillos
—
Imperial
—
| APM promedio | 34.7 |
| APM pico | 87 |
| eAPM promedio | 12.3 |
| Aldeanos / militares | 48 / 47 |
Foco
⚔️ 35.7% · 🌾 64.3%
Conquistador ×41 · Fishing Ship ×15 · Monk ×4 · Demolition Raft ×2
Feudal
13:15
Castillos
18:38
Imperial
30:29
| APM promedio | 20.5 |
| APM pico | 64 |
| eAPM promedio | 16.2 |
| Aldeanos / militares | 89 / 2 |
Foco
⚔️ 26.9% · 🌾 73.1%
Unknown (2579) ×22 · Fishing Ship ×13 · Unknown (2626) ×10 · Trebuchet (Packed) ×2 · Unknown (2550) ×1
Feudal
11:52
Castillos
20:09
Imperial
—
| APM promedio | 41.9 |
| APM pico | 69 |
| eAPM promedio | 18.8 |
| Aldeanos / militares | 80 / 32 |
Foco
⚔️ 26.4% · 🌾 73.6%
Steppe Lancer ×29 · Fishing Ship ×9 · Battering Ram ×3
Mapa de la partida
Recursos iniciales + cada clic de construcción. Líneas = muros · curvas = relieve. ◆ oro · ⬟ piedra · ● bayas · ✦ reliquia · ◌ hueco del cierre
Tu base· Abierta — hueco de 10t
Base de Peperra Jr· Abierta — hueco de 13t
Base de Beller· Abierta — hueco de 7t
Base de DarkSIde1405· Abierta — hueco de 6t
Base de far_costa· Abierta — flanco sin cerrar
Base de Osin Babosin· Abierta — hueco de 2t
Base de 騷護士· Abierta — hueco de 7t
Base de TheFaceless23· Abierta — hueco de 7t
Terreno inicial suavizado · ◌ = hueco del cierre detectado · pasá el cursor para detalles
Inputs por minuto
— CTM | cachicuervoo - - Peperra Jr
Build order — CTM | cachicuervoo
Primeras 150 de 239 acciones detectadas
| 0:31 | Construir | Town Center |
| 0:57 | Construir | Dock |
| 0:57 | Construir | Dock |
| 1:00 | Construir | House |
| 1:20 | Construir | Palisade Wall |
| 1:23 | Construir | Palisade Wall |
| 2:43 | Encolar | Villager (Male) |
| 2:43 | Encolar | Villager (Male) |
| 2:43 | Encolar | Villager (Male) |
| 2:44 | Encolar | Villager (Male) |
| 2:44 | Encolar | Villager (Male) |
| 2:52 | Construir | Palisade Wall |
| 4:15 | Encolar | Villager (Male) |
| 4:16 | Encolar | Villager (Male) |
| 4:17 | Encolar | Fishing Ship |
| 4:17 | Encolar | Fishing Ship |
| 4:52 | Encolar | Villager (Male) |
| 4:52 | Encolar | Villager (Male) |
| 5:03 | Construir | House |
| 5:34 | Encolar | Fishing Ship |
| 5:34 | Encolar | Fishing Ship |
| 5:45 | Encolar | Villager (Male) |
| 6:16 | Encolar | Villager (Male) |
| 6:16 | Encolar | Villager (Male) |
| 6:17 | Encolar | Fishing Ship |
| 6:17 | Encolar | Fishing Ship |
| 6:36 | Encolar | Villager (Male) |
| 6:36 | Encolar | Villager (Male) |
| 6:42 | Construir | House |
| 7:10 | Encolar | Villager (Male) |
| 7:11 | Encolar | Villager (Male) |
| 7:17 | Encolar | Fishing Ship |
| 7:29 | Encolar | Villager (Male) |
| 7:29 | Encolar | Villager (Male) |
| 7:34 | Encolar | Villager (Male) |
| 7:34 | Encolar | Villager (Male) |
| 7:43 | Construir | House |
| 7:47 | Encolar | Villager (Male) |
| 8:04 | Encolar | Fishing Ship |
| 8:04 | Encolar | Fishing Ship |
| 8:07 | Encolar | Villager (Male) |
| 8:07 | Encolar | Villager (Male) |
| 8:39 | Encolar | Villager (Male) |
| 8:48 | Encolar | Fishing Ship |
| 8:48 | Encolar | Fishing Ship |
| 9:01 | Construir | House |
| 9:04 | Encolar | Villager (Male) |
| 9:05 | Encolar | Villager (Male) |
| 9:32 | Encolar | Villager (Male) |
| 10:05 | Encolar | Villager (Male) |
| 10:11 | Encolar | Villager (Male) |
| 10:14 | Construir | Mill |
| 10:29 | Encolar | Villager (Male) |
| 10:43 | Construir | Mining Camp |
| 10:44 | Encolar | Villager (Male) |
| 11:25 | Encolar | Villager (Male) |
| 11:49 | Encolar | Villager (Male) |
| 11:51 | Construir | House |
| 12:01 | Investigar | Feudal Age |
| 12:25 | Investigar | Loom |
| 13:12 | Encolar | Villager (Male) |
| 13:20 | Investigar | Loom |
| 13:33 | Edad | Edad Feudal |
| 13:37 | Construir | Market |
| 13:39 | Construir | Blacksmith |
| 15:03 | Construir | Dock |
| 15:06 | Investigar | Castle Age |
| 15:07 | Investigar | Castle Age |
| 15:07 | Investigar | Castle Age |
| 15:40 | Construir | House |
| 15:46 | Construir | House |
| 16:42 | Edad | Edad de los Castillos |
| 16:43 | Encolar | Villager (Male) |
| 17:05 | Encolar | Villager (Male) |
| 17:20 | Encolar | Villager (Male) |
| 17:30 | Construir | Castle |
| 17:34 | Encolar | Villager (Male) |
| 17:39 | Construir | House |
| 17:51 | Construir | Mining Camp |
| 17:55 | Construir | Siege Workshop |
| 17:59 | Encolar | Villager (Male) |
| 18:00 | Construir | Farm |
| 18:20 | Construir | Farm |
| 18:37 | Encolar | Karambit Warrior |
| 18:37 | Encolar | Karambit Warrior |
| 18:37 | Encolar | Karambit Warrior |
| 18:37 | Encolar | Karambit Warrior |
| 18:37 | Encolar | Karambit Warrior |
| 18:38 | Encolar | Karambit Warrior |
| 18:38 | Encolar | Karambit Warrior |
| 18:57 | Encolar | Villager (Male) |
| 19:26 | Encolar | Battering Ram |
| 19:26 | Encolar | Battering Ram |
| 19:27 | Encolar | Karambit Warrior |
| 19:45 | Encolar | Karambit Warrior |
| 19:45 | Encolar | Karambit Warrior |
| 19:50 | Encolar | Karambit Warrior |
| 19:50 | Encolar | Karambit Warrior |
| 19:55 | Encolar | Karambit Warrior |
| 19:55 | Encolar | Karambit Warrior |
| 19:56 | Encolar | Karambit Warrior |
| 20:15 | Encolar | Karambit Warrior |
| 20:28 | Encolar | Battering Ram |
| 20:29 | Encolar | Karambit Warrior |
| 20:29 | Encolar | Karambit Warrior |
| 20:29 | Encolar | Karambit Warrior |
| 20:44 | Encolar | Karambit Warrior |
| 20:44 | Encolar | Karambit Warrior |
| 20:47 | Encolar | Karambit Warrior |
| 20:47 | Encolar | Karambit Warrior |
| 21:13 | Encolar | Karambit Warrior |
| 21:13 | Encolar | Karambit Warrior |
| 21:14 | Encolar | Karambit Warrior |
| 21:40 | Encolar | Karambit Warrior |
| 21:40 | Encolar | Karambit Warrior |
| 21:44 | Encolar | Battering Ram |
| 21:44 | Encolar | Karambit Warrior |
| 21:44 | Encolar | Karambit Warrior |
| 22:14 | Encolar | Karambit Warrior |
| 22:14 | Encolar | Karambit Warrior |
| 22:24 | Encolar | Karambit Warrior |
| 22:57 | Encolar | Karambit Warrior |
| 22:57 | Encolar | Karambit Warrior |
| 22:57 | Encolar | Karambit Warrior |
| 22:57 | Encolar | Karambit Warrior |
| 22:58 | Encolar | Karambit Warrior |
| 22:58 | Encolar | Karambit Warrior |
| 22:59 | Encolar | Karambit Warrior |
| 23:00 | Encolar | Karambit Warrior |
| 23:01 | Encolar | Karambit Warrior |
| 23:01 | Encolar | Karambit Warrior |
| 23:10 | Encolar | Karambit Warrior |
| 23:11 | Encolar | Karambit Warrior |
| 23:14 | Construir | Farm |
| 23:14 | Construir | Farm |
| 23:14 | Construir | Farm |
| 23:15 | Construir | Farm |
| 23:28 | Encolar | Karambit Warrior |
| 23:29 | Encolar | Karambit Warrior |
| 23:52 | Encolar | Battering Ram |
| 23:53 | Encolar | Battering Ram |
| 24:07 | Encolar | Karambit Warrior |
| 24:07 | Encolar | Karambit Warrior |
| 24:28 | Encolar | Karambit Warrior |
| 24:28 | Encolar | Karambit Warrior |
| 24:31 | Encolar | Villager (Male) |
| 24:32 | Encolar | Villager (Male) |
| 24:43 | Construir | Farm |
| 24:43 | Construir | Farm |
| 24:43 | Construir | Farm |
Build order — Peperra Jr
Primeras 150 de 245 acciones detectadas
| 0:23 | Construir | Town Center |
| 0:48 | Construir | Dock |
| 0:49 | Construir | House |
| 2:41 | Encolar | Villager (Male) ×4 |
| 2:41 | Encolar | Villager (Male) ×4 |
| 3:58 | Encolar | Fishing Ship |
| 3:59 | Encolar | Villager (Male) |
| 4:00 | Investigar | Loom |
| 4:57 | Encolar | Fishing Ship |
| 5:00 | Encolar | Villager (Male) |
| 5:26 | Encolar | Villager (Male) |
| 5:44 | Encolar | Fishing Ship |
| 5:56 | Construir | House |
| 5:57 | Encolar | Villager (Male) |
| 6:34 | Encolar | Villager (Male) |
| 6:55 | Encolar | Fishing Ship |
| 6:58 | Encolar | Villager (Male) |
| 7:10 | Encolar | Villager (Male) |
| 7:41 | Construir | House |
| 7:47 | Encolar | Villager (Male) |
| 7:51 | Construir | House |
| 8:07 | Encolar | Villager (Male) |
| 8:12 | Construir | Dock |
| 8:24 | Encolar | Villager (Male) |
| 8:49 | Construir | Lumber Camp |
| 8:58 | Encolar | Villager (Male) |
| 9:21 | Encolar | Villager (Male) |
| 9:21 | Encolar | Villager (Male) |
| 9:25 | Encolar | Fishing Ship |
| 9:39 | Construir | House |
| 9:48 | Encolar | Villager (Male) |
| 10:08 | Construir | House |
| 10:19 | Encolar | Fishing Ship |
| 10:35 | Encolar | Fishing Ship |
| 10:37 | Construir | House |
| 10:45 | Encolar | Villager (Male) |
| 11:15 | Encolar | Villager (Male) |
| 11:16 | Construir | House |
| 11:17 | Construir | House |
| 11:27 | Encolar | Fishing Ship |
| 11:36 | Encolar | Villager (Male) |
| 11:46 | Construir | House |
| 11:57 | Construir | Mining Camp |
| 12:14 | Investigar | Feudal Age |
| 12:48 | Encolar | Fishing Ship |
| 13:23 | Construir | Mill |
| 13:31 | Encolar | Fishing Ship |
| 13:32 | Encolar | Fishing Ship |
| 14:23 | Edad | Edad Feudal |
| 14:29 | Encolar | Villager (Male) |
| 14:30 | Encolar | Villager (Male) |
| 14:34 | Construir | Market |
| 14:41 | Construir | Blacksmith |
| 15:10 | Investigar | Tech 906 |
| 15:16 | Encolar | Villager (Male) |
| 15:25 | Construir | Dock |
| 15:38 | Encolar | Demolition Raft |
| 15:42 | Encolar | Fishing Ship |
| 15:45 | Encolar | Villager (Male) |
| 16:09 | Encolar | Villager (Male) |
| 16:41 | Investigar | Castle Age |
| 16:42 | Investigar | Castle Age |
| 16:45 | Encolar | Fishing Ship ×2 |
| 18:12 | Encolar | Demolition Raft |
| 18:13 | Encolar | Demolition Raft |
| 18:29 | Construir | Dock |
| 18:47 | Investigar | Wheelbarrow |
| 18:48 | Investigar | Double-Bit Axe |
| 18:50 | Investigar | Horse Collar |
| 19:10 | Encolar | Villager (Male) |
| 19:13 | Construir | House |
| 19:13 | Construir | House |
| 19:15 | Construir | House |
| 19:21 | Edad | Edad de los Castillos |
| 19:22 | Construir | Town Center |
| 19:26 | Investigar | Gillnets |
| 19:29 | Investigar | Bow Saw |
| 19:36 | Construir | Town Center |
| 19:44 | Encolar | Villager (Male) |
| 20:13 | Encolar | Fishing Ship ×3 |
| 20:38 | Encolar | Villager (Male) |
| 20:39 | Encolar | Villager (Male) |
| 20:42 | Encolar | Villager (Male) |
| 20:48 | Encolar | Fishing Ship ×4 |
| 21:06 | Encolar | Villager (Male) |
| 21:07 | Encolar | Villager (Male) |
| 21:14 | Encolar | Villager (Male) |
| 21:17 | Encolar | Villager (Male) |
| 21:24 | Encolar | Fishing Ship |
| 21:25 | Encolar | Fishing Ship |
| 21:26 | Investigar | Heavy Plow |
| 21:29 | Encolar | Villager (Male) |
| 21:38 | Investigar | Gold Mining |
| 21:45 | Construir | House |
| 21:46 | Construir | House |
| 21:47 | Construir | House |
| 21:47 | Construir | House |
| 21:52 | Encolar | Villager (Male) |
| 21:52 | Encolar | Villager (Male) |
| 22:05 | Encolar | Villager (Male) |
| 22:07 | Encolar | Villager (Male) |
| 22:10 | Construir | Farm |
| 22:10 | Construir | Farm |
| 22:10 | Construir | Farm |
| 22:11 | Construir | Farm |
| 22:11 | Construir | Farm |
| 22:11 | Construir | Farm |
| 22:12 | Construir | Farm |
| 22:12 | Construir | Farm |
| 22:22 | Construir | Farm |
| 22:25 | Encolar | Villager (Male) |
| 22:26 | Encolar | Villager (Male) |
| 22:36 | Encolar | Villager (Male) |
| 22:56 | Encolar | Villager (Male) |
| 22:56 | Encolar | Villager (Male) |
| 23:01 | Encolar | Villager (Male) |
| 23:05 | Construir | University |
| 23:09 | Encolar | Villager (Male) |
| 23:10 | Encolar | Villager (Male) |
| 23:29 | Construir | Farm |
| 23:29 | Construir | Farm |
| 23:30 | Construir | Farm |
| 23:31 | Construir | Farm |
| 23:33 | Encolar | Villager (Male) |
| 23:34 | Encolar | Villager (Male) |
| 23:35 | Encolar | Villager (Male) |
| 23:43 | Encolar | Villager (Male) |
| 23:46 | Construir | Mining Camp |
| 23:49 | Encolar | Villager (Male) |
| 23:49 | Encolar | Villager (Male) |
| 23:55 | Encolar | Villager (Male) |
| 24:01 | Construir | Lumber Camp |
| 24:35 | Encolar | Villager (Male) |
| 24:35 | Encolar | Villager (Male) |
| 24:39 | Construir | Monastery |
| 24:41 | Construir | Farm |
| 24:41 | Construir | Farm |
| 24:43 | Encolar | Villager (Male) |
| 24:59 | Encolar | Demolition Raft |
| 24:59 | Encolar | Demolition Raft |
| 25:00 | Encolar | Demolition Raft |
| 25:00 | Encolar | Demolition Raft |
| 25:10 | Encolar | Villager (Male) |
| 25:35 | Investigar | Imperial Age |
| 25:37 | Construir | House |
| 25:38 | Construir | House |
| 25:38 | Construir | House |
| 25:39 | Construir | House |
| 25:57 | Investigar | War Galley (upgrade) |
| 26:11 | Encolar | Villager (Male) |
Build order — Beller
127 acciones detectadas en el replay
| 0:33 | Construir | Town Center |
| 1:38 | Construir | Dock |
| 1:39 | Construir | House |
| 2:19 | Construir | Palisade Wall |
| 2:57 | Encolar | Villager (Male) |
| 2:57 | Encolar | Villager (Male) |
| 2:57 | Encolar | Villager (Male) |
| 2:58 | Encolar | Villager (Male) |
| 2:58 | Encolar | Villager (Male) |
| 4:08 | Encolar | Fishing Ship |
| 4:31 | Investigar | Loom |
| 4:44 | Encolar | Villager (Male) |
| 4:44 | Encolar | Villager (Male) |
| 4:44 | Encolar | Villager (Male) |
| 4:51 | Construir | House |
| 5:19 | Encolar | Villager (Male) |
| 5:41 | Encolar | Villager (Male) |
| 5:52 | Encolar | Fishing Ship |
| 6:07 | Encolar | Villager (Male) |
| 6:34 | Encolar | Villager (Male) |
| 6:34 | Encolar | Villager (Male) |
| 6:38 | Encolar | Villager (Male) |
| 6:57 | Encolar | Villager (Male) |
| 7:09 | Construir | House |
| 7:12 | Encolar | Villager (Male) |
| 7:52 | Encolar | Fishing Ship |
| 7:56 | Encolar | Villager (Male) |
| 8:29 | Encolar | Villager (Male) |
| 8:31 | Encolar | Villager (Male) |
| 8:33 | Encolar | Villager (Male) |
| 8:37 | Encolar | Villager (Male) |
| 8:37 | Encolar | Villager (Male) |
| 8:40 | Encolar | Villager (Male) |
| 8:43 | Construir | House |
| 9:07 | Construir | Mill |
| 9:14 | Encolar | Villager (Male) |
| 9:59 | Encolar | Villager (Male) |
| 10:12 | Construir | Mining Camp |
| 10:32 | Construir | Lumber Camp |
| 10:36 | Encolar | Villager (Male) |
| 11:06 | Encolar | Fishing Ship |
| 11:24 | Investigar | Feudal Age |
| 12:13 | Construir | House |
| 12:53 | Encolar | Villager (Male) |
| 13:20 | Construir | Farm |
| 13:21 | Construir | Farm |
| 13:34 | Edad | Edad Feudal |
| 13:40 | Encolar | Unit 2626 |
| 13:40 | Encolar | Unit 2626 |
| 13:42 | Encolar | Villager (Male) |
| 13:46 | Construir | Market |
| 13:51 | Construir | Farm |
| 13:58 | Investigar | Double-Bit Axe |
| 14:02 | Encolar | Villager (Male) |
| 14:19 | Construir | Farm |
| 14:21 | Construir | Farm |
| 14:28 | Construir | House |
| 14:40 | Encolar | Villager (Male) |
| 14:43 | Construir | Farm |
| 14:48 | Construir | House |
| 15:03 | Construir | House |
| 15:04 | Encolar | Villager (Male) |
| 15:12 | Encolar | Villager (Male) |
| 15:20 | Construir | Farm |
| 15:26 | Construir | Blacksmith |
| 15:55 | Encolar | Villager (Male) |
| 16:04 | Encolar | Unit 2626 |
| 16:24 | Encolar | Villager (Male) |
| 16:29 | Construir | Farm |
| 16:48 | Encolar | Villager (Male) |
| 16:51 | Encolar | Unit 2626 |
| 17:29 | Construir | House |
| 17:33 | Investigar | Castle Age |
| 17:48 | Construir | Barracks |
| 18:11 | Encolar | Villager (Male) |
| 18:18 | Investigar | Fletching |
| 19:10 | Construir | Archery Range |
| 20:05 | Construir | Archery Range |
| 20:13 | Edad | Edad de los Castillos |
| 20:19 | Construir | Town Center |
| 20:20 | Encolar | Villager (Male) |
| 20:35 | Investigar | Bow Saw |
| 20:46 | Encolar | Villager (Male) |
| 20:58 | Investigar | Forging |
| 21:01 | Investigar | Bodkin Arrow |
| 21:03 | Encolar | Villager (Male) |
| 21:08 | Encolar | Cavalry Archer ×5 |
| 21:08 | Encolar | Cavalry Archer ×5 |
| 21:16 | Encolar | Villager (Male) |
| 21:26 | Encolar | Cavalry Archer ×3 |
| 21:26 | Encolar | Cavalry Archer ×3 |
| 21:38 | Construir | Lumber Camp |
| 21:39 | Encolar | Villager (Male) |
| 22:20 | Encolar | Cavalry Archer ×5 |
| 22:27 | Construir | Lumber Camp |
| 22:59 | Encolar | Villager (Male) |
| 23:07 | Investigar | Padded Archer Armor |
| 23:13 | Construir | Farm |
| 24:02 | Encolar | Cavalry Archer ×3 |
| 24:03 | Encolar | Villager (Male) |
| 24:11 | Encolar | Villager (Male) |
| 24:17 | Construir | Mining Camp |
| 24:25 | Encolar | Villager (Male) |
| 24:46 | Construir | Stable |
| 25:06 | Encolar | Villager (Male) |
| 25:16 | Encolar | Cavalry Archer ×5 |
| 25:17 | Encolar | Cavalry Archer ×5 |
| 25:59 | Encolar | Villager (Male) |
| 26:03 | Investigar | Husbandry |
| 26:10 | Encolar | Villager (Male) |
| 26:23 | Encolar | Villager (Male) |
| 26:35 | Construir | House |
| 27:04 | Encolar | Villager (Male) |
| 27:11 | Construir | House |
| 27:15 | Encolar | Cavalry Archer ×5 |
| 27:16 | Encolar | Cavalry Archer ×3 |
| 27:16 | Encolar | Cavalry Archer ×3 |
| 27:29 | Encolar | Villager (Male) |
| 27:36 | Investigar | Bloodlines |
| 27:41 | Construir | House |
| 27:53 | Construir | University |
| 28:39 | Construir | Archery Range |
| 28:44 | Encolar | Villager (Male) |
| 29:06 | Investigar | Ballistics |
| 29:23 | Encolar | Cavalry Archer ×2 |
| 29:23 | Encolar | Cavalry Archer ×2 |
| 30:11 | Encolar | Villager (Male) |
Build order — DarkSIde1405
Primeras 150 de 185 acciones detectadas
| 0:16 | Construir | Town Center |
| 0:35 | Construir | Dock |
| 2:32 | Encolar | Villager (Male) ×4 |
| 2:32 | Encolar | Villager (Male) ×4 |
| 3:14 | Encolar | Fishing Ship |
| 3:36 | Encolar | Villager (Male) |
| 3:36 | Encolar | Villager (Male) |
| 3:41 | Construir | House |
| 4:31 | Construir | House |
| 4:39 | Investigar | Loom |
| 4:40 | Investigar | Loom |
| 5:06 | Encolar | Villager (Male) |
| 5:08 | Encolar | Fishing Ship |
| 5:09 | Encolar | Fishing Ship |
| 5:12 | Encolar | Villager (Male) |
| 5:12 | Encolar | Villager (Male) |
| 5:37 | Encolar | Fishing Ship |
| 5:51 | Construir | House |
| 6:02 | Encolar | Villager (Male) |
| 6:03 | Encolar | Villager (Male) |
| 6:15 | Encolar | Villager (Male) |
| 6:15 | Encolar | Villager (Male) |
| 6:33 | Encolar | Villager (Male) |
| 6:34 | Encolar | Villager (Male) |
| 6:40 | Construir | House |
| 6:59 | Encolar | Villager (Male) |
| 7:07 | Encolar | Villager (Male) |
| 7:13 | Encolar | Fishing Ship |
| 7:24 | Construir | House |
| 7:32 | Construir | House |
| 8:02 | Encolar | Villager (Male) |
| 8:17 | Encolar | Fishing Ship |
| 8:20 | Encolar | Villager (Male) |
| 8:34 | Encolar | Villager (Male) |
| 9:04 | Construir | Mining Camp |
| 9:08 | Encolar | Villager (Male) |
| 9:44 | Investigar | Feudal Age |
| 9:44 | Investigar | Feudal Age |
| 10:42 | Construir | Dock |
| 11:01 | Construir | Mill |
| 11:20 | Encolar | Villager (Male) |
| 11:40 | Encolar | Villager (Male) |
| 11:58 | Edad | Edad Feudal |
| 12:00 | Construir | Market |
| 12:05 | Construir | Blacksmith |
| 12:19 | Encolar | Fishing Ship |
| 14:02 | Construir | Dock |
| 14:22 | Investigar | Castle Age |
| 14:22 | Investigar | Castle Age |
| 14:30 | Encolar | Unit 2626 ×2 |
| 14:37 | Construir | House |
| 14:39 | Construir | Palisade Wall |
| 14:39 | Construir | Palisade Wall |
| 14:39 | Construir | Palisade Wall |
| 14:58 | Encolar | Unit 2626 |
| 15:08 | Encolar | Villager (Male) |
| 15:23 | Encolar | Unit 2626 |
| 15:23 | Encolar | Unit 2626 |
| 15:51 | Encolar | Unit 2626 ×2 |
| 15:52 | Encolar | Unit 2626 ×2 |
| 16:08 | Construir | Lumber Camp |
| 16:55 | Encolar | Unit 2626 |
| 16:55 | Encolar | Unit 2626 |
| 17:02 | Edad | Edad de los Castillos |
| 17:02 | Construir | House |
| 17:05 | Investigar | War Galley (upgrade) |
| 17:05 | Investigar | War Galley (upgrade) |
| 17:17 | Investigar | Forging |
| 17:17 | Investigar | Forging |
| 17:21 | Encolar | Villager (Male) |
| 17:35 | Encolar | Unit 2626 |
| 17:35 | Encolar | Unit 2626 |
| 18:18 | Encolar | Unit 2626 |
| 18:18 | Encolar | Unit 2626 |
| 18:20 | Construir | House |
| 18:21 | Encolar | Villager (Male) |
| 18:25 | Investigar | Double-Bit Axe |
| 18:25 | Investigar | Double-Bit Axe |
| 18:30 | Construir | House |
| 18:31 | Construir | Palisade Wall |
| 18:45 | Encolar | Villager (Male) |
| 19:02 | Construir | House |
| 19:11 | Encolar | Villager (Male) |
| 19:35 | Construir | Town Center |
| 19:40 | Encolar | Villager (Male) |
| 19:52 | Encolar | Fishing Ship |
| 19:53 | Encolar | Fishing Ship |
| 20:09 | Encolar | Villager (Male) |
| 20:13 | Construir | House |
| 20:27 | Investigar | Iron Casting |
| 20:45 | Construir | House |
| 21:05 | Construir | Town Center |
| 21:11 | Encolar | Fishing Ship |
| 21:11 | Encolar | Fishing Ship |
| 21:17 | Construir | House |
| 21:56 | Encolar | Villager (Male) |
| 21:58 | Encolar | Villager (Male) |
| 22:06 | Construir | House |
| 22:09 | Construir | Palisade Wall |
| 22:14 | Construir | Mill |
| 22:15 | Encolar | Villager (Male) |
| 22:17 | Encolar | Villager (Male) |
| 22:18 | Encolar | Fishing Ship |
| 22:18 | Encolar | Fishing Ship |
| 22:45 | Encolar | Villager (Male) |
| 22:48 | Encolar | Villager (Male) |
| 22:52 | Construir | Farm |
| 22:52 | Construir | Farm |
| 22:53 | Construir | Farm |
| 22:53 | Construir | Farm |
| 22:53 | Construir | Farm |
| 22:58 | Encolar | Villager (Male) |
| 23:16 | Construir | House |
| 23:19 | Encolar | Villager (Male) |
| 23:22 | Encolar | Villager (Male) |
| 23:26 | Encolar | Villager (Male) |
| 23:29 | Encolar | Fishing Ship |
| 23:58 | Construir | Dock |
| 24:04 | Encolar | Villager (Male) |
| 24:17 | Encolar | Galley ×2 |
| 24:20 | Encolar | Villager (Male) |
| 24:22 | Encolar | Villager (Male) |
| 24:31 | Investigar | Fletching |
| 24:31 | Investigar | Fletching |
| 24:38 | Construir | House |
| 24:40 | Construir | Palisade Wall |
| 24:53 | Encolar | Galley ×2 |
| 24:55 | Encolar | Villager (Male) |
| 25:03 | Encolar | Villager (Male) |
| 25:06 | Encolar | Villager (Male) |
| 25:19 | Encolar | Galley ×2 |
| 25:22 | Encolar | Villager (Male) |
| 25:23 | Encolar | Villager (Male) |
| 25:27 | Construir | Lumber Camp |
| 25:31 | Construir | Lumber Camp |
| 25:35 | Encolar | Villager (Male) |
| 25:37 | Encolar | Villager (Male) |
| 25:46 | Encolar | Galley |
| 25:57 | Encolar | Galley |
| 26:01 | Investigar | Bodkin Arrow |
| 26:20 | Encolar | Galley ×2 |
| 26:31 | Encolar | Villager (Male) |
| 26:33 | Encolar | Villager (Male) |
| 26:41 | Encolar | Villager (Male) |
| 26:48 | Investigar | Bow Saw |
| 26:48 | Investigar | Bow Saw |
| 26:53 | Encolar | Galley ×2 |
| 27:09 | Encolar | Galley |
| 27:09 | Encolar | Galley |
| 27:16 | Encolar | Villager (Male) |
Build order — far_costa
Primeras 150 de 209 acciones detectadas
| 0:28 | Construir | Town Center |
| 1:15 | Construir | Dock |
| 2:57 | Encolar | Villager (Male) |
| 2:57 | Encolar | Villager (Male) |
| 2:58 | Encolar | Villager (Male) |
| 3:00 | Encolar | Villager (Male) |
| 3:00 | Encolar | Villager (Male) |
| 3:32 | Encolar | Fishing Ship |
| 4:27 | Construir | House |
| 4:29 | Encolar | Villager (Male) |
| 4:30 | Encolar | Villager (Male) |
| 4:59 | Encolar | Villager (Male) |
| 4:59 | Encolar | Villager (Male) |
| 5:28 | Encolar | Villager (Male) |
| 5:28 | Encolar | Villager (Male) |
| 5:34 | Encolar | Fishing Ship |
| 5:38 | Construir | House |
| 5:55 | Investigar | Loom |
| 6:05 | Encolar | Villager (Male) |
| 6:05 | Encolar | Villager (Male) |
| 6:25 | Encolar | Villager (Male) |
| 6:25 | Encolar | Villager (Male) |
| 6:58 | Encolar | Villager (Male) |
| 6:58 | Encolar | Villager (Male) |
| 7:02 | Encolar | Villager (Male) |
| 7:02 | Encolar | Villager (Male) |
| 7:05 | Encolar | Fishing Ship |
| 7:05 | Encolar | Fishing Ship |
| 7:36 | Encolar | Villager (Male) |
| 7:58 | Construir | House |
| 8:02 | Encolar | Villager (Male) |
| 8:02 | Encolar | Villager (Male) |
| 8:04 | Encolar | Fishing Ship |
| 8:39 | Encolar | Villager (Male) |
| 8:39 | Encolar | Villager (Male) |
| 8:45 | Encolar | Villager (Male) |
| 8:45 | Encolar | Villager (Male) |
| 9:01 | Encolar | Villager (Male) |
| 9:04 | Encolar | Villager (Male) |
| 9:19 | Encolar | Villager (Male) |
| 9:40 | Construir | House |
| 10:03 | Construir | Dock |
| 10:06 | Encolar | Villager (Male) |
| 10:27 | Encolar | Villager (Male) |
| 10:30 | Encolar | Villager (Male) |
| 10:30 | Encolar | Villager (Male) |
| 10:30 | Encolar | Villager (Male) |
| 10:34 | Construir | Lumber Camp |
| 10:35 | Encolar | Villager (Male) |
| 11:13 | Encolar | Fishing Ship |
| 11:45 | Encolar | Villager (Male) |
| 12:10 | Investigar | Feudal Age |
| 12:43 | Encolar | Fishing Ship |
| 12:43 | Encolar | Fishing Ship |
| 12:53 | Encolar | Fishing Ship |
| 12:53 | Encolar | Fishing Ship |
| 13:02 | Construir | House |
| 13:03 | Construir | House |
| 13:05 | Encolar | Villager (Male) |
| 13:10 | Construir | Mill |
| 14:11 | Encolar | Villager (Male) |
| 14:21 | Edad | Edad Feudal |
| 14:24 | Investigar | Double-Bit Axe |
| 14:29 | Encolar | Unit 2626 |
| 14:30 | Encolar | Unit 2626 |
| 14:41 | Construir | Mining Camp |
| 14:50 | Investigar | Tech 906 |
| 14:51 | Encolar | Fishing Ship |
| 14:51 | Encolar | Fishing Ship |
| 15:10 | Encolar | Villager (Male) |
| 15:10 | Encolar | Villager (Male) |
| 15:15 | Investigar | Town Watch |
| 15:15 | Investigar | Wheelbarrow |
| 15:18 | Encolar | Villager (Male) |
| 15:48 | Encolar | Unit 2626 |
| 15:48 | Encolar | Unit 2626 |
| 15:48 | Encolar | Unit 2626 |
| 15:50 | Encolar | Villager (Male) |
| 15:51 | Investigar | Gold Mining |
| 15:52 | Investigar | Stone Mining |
| 16:09 | Encolar | Villager (Male) |
| 16:21 | Encolar | Villager (Male) |
| 16:26 | Encolar | Unit 2626 |
| 16:26 | Encolar | Unit 2626 |
| 16:26 | Encolar | Unit 2626 |
| 16:59 | Construir | Dock |
| 17:08 | Encolar | Unit 2626 |
| 17:09 | Encolar | Unit 2626 |
| 17:45 | Encolar | Unit 2626 |
| 17:45 | Encolar | Unit 2626 |
| 17:46 | Encolar | Villager (Male) |
| 17:47 | Encolar | Villager (Male) |
| 17:50 | Construir | House |
| 17:51 | Construir | House |
| 17:51 | Construir | House |
| 17:51 | Construir | House |
| 17:51 | Construir | House |
| 18:21 | Construir | Blacksmith |
| 18:44 | Encolar | Villager (Male) |
| 18:48 | Encolar | Villager (Male) |
| 19:10 | Encolar | Unit 2626 |
| 19:10 | Encolar | Unit 2626 |
| 19:17 | Construir | Market |
| 19:43 | Encolar | Demolition Raft |
| 19:45 | Encolar | Villager (Male) |
| 19:54 | Encolar | Unit 2626 |
| 19:54 | Encolar | Unit 2626 |
| 19:55 | Investigar | Castle Age |
| 20:09 | Construir | Lumber Camp |
| 20:38 | Encolar | Fire Galley |
| 20:38 | Encolar | Fire Galley |
| 20:38 | Encolar | Fire Galley |
| 20:56 | Encolar | Villager (Male) |
| 21:07 | Investigar | Horse Collar |
| 21:23 | Construir | Mining Camp |
| 21:32 | Encolar | Unit 2626 |
| 22:28 | Encolar | Demolition Raft |
| 22:28 | Encolar | Demolition Raft |
| 22:31 | Encolar | Unit 2626 |
| 22:35 | Edad | Edad de los Castillos |
| 22:35 | Investigar | War Galley (upgrade) |
| 22:36 | Investigar | War Galley (upgrade) |
| 22:38 | Investigar | Gillnets |
| 22:40 | Encolar | Unit 2626 |
| 22:40 | Encolar | Unit 2626 |
| 22:43 | Encolar | Villager (Male) |
| 22:44 | Encolar | Villager (Male) |
| 23:26 | Encolar | Unit 2626 |
| 23:26 | Encolar | Unit 2626 |
| 23:27 | Encolar | Villager (Male) |
| 23:28 | Encolar | Villager (Male) |
| 23:28 | Encolar | Villager (Male) |
| 24:22 | Encolar | Unit 2626 |
| 24:22 | Encolar | Unit 2626 |
| 24:23 | Encolar | Unit 2626 |
| 24:37 | Encolar | Villager (Male) |
| 24:51 | Construir | Dock |
| 24:57 | Encolar | Unit 2626 |
| 24:57 | Encolar | Unit 2626 |
| 25:00 | Encolar | Demolition Raft |
| 25:00 | Encolar | Demolition Raft |
| 25:01 | Encolar | Villager (Male) |
| 25:01 | Encolar | Villager (Male) |
| 25:02 | Encolar | Villager (Male) |
| 25:15 | Encolar | Unit 2626 |
| 25:15 | Encolar | Unit 2626 |
| 25:19 | Construir | House |
| 25:21 | Construir | House |
| 25:21 | Construir | House |
| 25:21 | Construir | House |
Build order — Osin Babosin
118 acciones detectadas en el replay
| 0:17 | Construir | Town Center |
| 1:09 | Construir | Dock |
| 1:10 | Construir | House |
| 2:42 | Encolar | Villager (Male) |
| 2:42 | Encolar | Villager (Male) |
| 2:43 | Encolar | Villager (Male) |
| 2:43 | Encolar | Villager (Male) |
| 2:50 | Investigar | Loom |
| 4:07 | Encolar | Villager (Male) |
| 4:08 | Investigar | Loom |
| 4:36 | Encolar | Fishing Ship |
| 4:36 | Encolar | Fishing Ship |
| 4:44 | Encolar | Fishing Ship |
| 5:49 | Encolar | Fishing Ship |
| 5:49 | Encolar | Fishing Ship |
| 5:57 | Encolar | Villager (Male) |
| 6:19 | Encolar | Fishing Ship |
| 6:51 | Encolar | Villager (Male) |
| 7:16 | Encolar | Fishing Ship |
| 7:35 | Encolar | Villager (Male) |
| 7:35 | Encolar | Villager (Male) |
| 7:42 | Construir | House |
| 8:38 | Encolar | Villager (Male) |
| 8:38 | Encolar | Villager (Male) |
| 8:55 | Construir | House |
| 9:10 | Encolar | Villager (Male) |
| 9:10 | Encolar | Villager (Male) |
| 9:17 | Encolar | Fishing Ship |
| 9:21 | Construir | House |
| 9:44 | Encolar | Villager (Male) |
| 9:45 | Encolar | Villager (Male) |
| 9:49 | Encolar | Fishing Ship |
| 10:31 | Construir | House |
| 10:37 | Construir | House |
| 11:00 | Encolar | Villager (Male) |
| 11:01 | Encolar | Villager (Male) |
| 11:01 | Encolar | Villager (Male) |
| 11:41 | Construir | Dock |
| 11:56 | Construir | Mining Camp |
| 12:18 | Investigar | Feudal Age |
| 13:09 | Construir | Mill |
| 14:09 | Encolar | Villager (Male) |
| 14:09 | Encolar | Villager (Male) |
| 14:37 | Construir | Market |
| 14:39 | Construir | Blacksmith |
| 15:17 | Investigar | Castle Age |
| 15:17 | Investigar | Castle Age |
| 15:53 | Construir | Mining Camp |
| 17:30 | Encolar | Demolition Raft |
| 17:31 | Encolar | Demolition Raft |
| 17:38 | Encolar | Fishing Ship ×3 |
| 17:38 | Encolar | Fishing Ship ×3 |
| 18:57 | Encolar | Villager (Male) |
| 18:57 | Encolar | Villager (Male) |
| 19:23 | Construir | Castle |
| 19:30 | Construir | Mining Camp |
| 19:40 | Encolar | Villager (Male) |
| 20:12 | Encolar | Conquistador |
| 20:13 | Encolar | Conquistador |
| 20:14 | Encolar | Conquistador |
| 20:15 | Encolar | Conquistador |
| 20:32 | Encolar | Conquistador |
| 20:32 | Encolar | Conquistador |
| 20:35 | Encolar | Villager (Male) |
| 20:35 | Encolar | Villager (Male) |
| 20:39 | Construir | Mill |
| 21:18 | Encolar | Conquistador ×2 |
| 21:18 | Encolar | Conquistador ×2 |
| 21:25 | Construir | Farm |
| 21:27 | Construir | Farm |
| 21:30 | Construir | Farm |
| 22:23 | Encolar | Conquistador ×4 |
| 22:23 | Encolar | Conquistador ×4 |
| 22:39 | Encolar | Conquistador ×2 |
| 22:39 | Encolar | Conquistador ×2 |
| 22:42 | Encolar | Villager (Male) ×5 |
| 22:42 | Encolar | Villager (Male) ×5 |
| 22:55 | Encolar | Villager (Male) |
| 22:55 | Encolar | Villager (Male) |
| 23:52 | Encolar | Conquistador ×4 |
| 23:52 | Encolar | Conquistador ×4 |
| 24:54 | Construir | House |
| 24:54 | Construir | House |
| 24:54 | Construir | House |
| 24:55 | Construir | House |
| 24:55 | Construir | House |
| 24:55 | Construir | House |
| 24:55 | Construir | House |
| 24:56 | Construir | House |
| 25:39 | Investigar | Padded Archer Armor |
| 25:42 | Encolar | Villager (Male) |
| 25:43 | Encolar | Villager (Male) |
| 25:58 | Construir | Barracks |
| 26:22 | Construir | Lumber Camp |
| 26:33 | Encolar | Conquistador |
| 26:33 | Encolar | Conquistador |
| 26:35 | Investigar | Leather Archer Armor |
| 27:05 | Encolar | Conquistador ×5 |
| 27:06 | Encolar | Conquistador |
| 27:24 | Construir | Monastery |
| 27:43 | Encolar | Villager (Male) |
| 27:44 | Encolar | Villager (Male) |
| 27:48 | Investigar | Wheelbarrow |
| 28:46 | Investigar | Redemption |
| 28:46 | Encolar | Monk |
| 28:46 | Encolar | Monk |
| 28:51 | Construir | Mining Camp |
| 28:53 | Encolar | Villager (Male) ×5 |
| 28:57 | Encolar | Conquistador |
| 29:07 | Construir | Stable |
| 29:57 | Encolar | Conquistador |
| 29:58 | Encolar | Conquistador |
| 29:59 | Encolar | Monk |
| 30:00 | Encolar | Monk |
| 30:51 | Investigar | Bloodlines |
| 31:17 | Encolar | Villager (Male) |
| 31:17 | Encolar | Villager (Male) |
| 32:01 | Investigar | Fervor |
Build order — 騷護士
Primeras 150 de 208 acciones detectadas
| 0:06 | Construir | House |
| 0:20 | Construir | Dock |
| 0:59 | Construir | Town Center |
| 3:05 | Encolar | Villager (Male) |
| 3:06 | Encolar | Villager (Male) |
| 3:06 | Encolar | Villager (Male) |
| 3:07 | Encolar | Villager (Male) |
| 3:38 | Encolar | Villager (Male) |
| 4:05 | Encolar | Villager (Male) |
| 4:05 | Encolar | Villager (Male) |
| 4:13 | Encolar | Fishing Ship |
| 4:17 | Investigar | Loom |
| 4:53 | Encolar | Fishing Ship |
| 5:31 | Encolar | Fishing Ship |
| 5:41 | Encolar | Villager (Male) |
| 6:04 | Construir | Palisade Wall |
| 6:09 | Construir | Palisade Wall |
| 6:13 | Encolar | Villager (Male) |
| 6:13 | Encolar | Villager (Male) |
| 6:30 | Encolar | Fishing Ship |
| 7:06 | Encolar | Villager (Male) |
| 7:11 | Construir | House |
| 7:16 | Construir | House |
| 7:24 | Encolar | Villager (Male) |
| 7:50 | Encolar | Fishing Ship |
| 8:01 | Encolar | Villager (Male) |
| 8:02 | Encolar | Villager (Male) |
| 8:06 | Encolar | Villager (Male) |
| 8:16 | Construir | Palisade Wall |
| 8:19 | Construir | Palisade Wall |
| 8:22 | Construir | Palisade Wall |
| 8:24 | Encolar | Villager (Male) |
| 8:24 | Encolar | Villager (Male) |
| 8:27 | Encolar | Fishing Ship |
| 8:51 | Encolar | Villager (Male) |
| 8:56 | Encolar | Fishing Ship |
| 8:59 | Construir | House |
| 9:08 | Encolar | Villager (Male) |
| 9:08 | Encolar | Villager (Male) |
| 9:19 | Encolar | Villager (Male) |
| 9:19 | Encolar | Villager (Male) |
| 9:27 | Encolar | Fishing Ship |
| 9:39 | Encolar | Villager (Male) |
| 9:52 | Construir | Settlement |
| 9:58 | Encolar | Villager (Male) |
| 10:10 | Construir | House |
| 10:46 | Encolar | Fishing Ship |
| 11:05 | Investigar | Feudal Age |
| 11:05 | Investigar | Feudal Age |
| 11:31 | Construir | Dock |
| 11:39 | Encolar | Villager (Male) ×3 |
| 12:01 | Encolar | Fishing Ship |
| 12:11 | Encolar | Fishing Ship |
| 12:15 | Encolar | Villager (Male) ×2 |
| 13:15 | Edad | Edad Feudal |
| 13:16 | Investigar | Tech 906 |
| 13:16 | Investigar | Tech 906 |
| 13:21 | Encolar | Villager (Male) |
| 13:27 | Construir | Market |
| 13:50 | Construir | Blacksmith |
| 14:26 | Encolar | Villager (Male) |
| 14:42 | Encolar | Fishing Ship |
| 14:43 | Encolar | Fishing Ship |
| 14:47 | Construir | House |
| 14:55 | Encolar | Villager (Male) |
| 15:05 | Construir | Barracks |
| 15:40 | Construir | Dock |
| 15:58 | Investigar | Castle Age |
| 15:58 | Investigar | Castle Age |
| 16:24 | Encolar | Unit 2550 |
| 16:58 | Encolar | Unit 2626 |
| 16:58 | Encolar | Unit 2626 |
| 17:12 | Encolar | Villager (Male) |
| 17:12 | Encolar | Villager (Male) |
| 17:17 | Construir | Farm |
| 17:18 | Construir | Farm |
| 17:33 | Encolar | Unit 2626 |
| 17:33 | Encolar | Unit 2626 |
| 18:07 | Encolar | Unit 2626 |
| 18:08 | Encolar | Unit 2626 |
| 18:18 | Construir | House |
| 18:20 | Construir | House |
| 18:31 | Investigar | Double-Bit Axe |
| 18:38 | Edad | Edad de los Castillos |
| 18:56 | Construir | Town Center |
| 19:14 | Construir | Town Center |
| 19:26 | Encolar | Villager (Male) |
| 19:26 | Encolar | Villager (Male) |
| 19:43 | Encolar | Villager (Male) |
| 19:44 | Encolar | Villager (Male) |
| 19:44 | Encolar | Villager (Male) |
| 19:44 | Encolar | Villager (Male) |
| 20:19 | Construir | Dock |
| 20:38 | Encolar | Villager (Male) |
| 20:38 | Encolar | Villager (Male) |
| 20:40 | Encolar | Villager (Male) |
| 20:41 | Encolar | Villager (Male) |
| 20:42 | Encolar | Villager (Male) |
| 20:42 | Encolar | Villager (Male) |
| 20:58 | Construir | House |
| 21:08 | Construir | Settlement |
| 21:16 | Encolar | Villager (Male) |
| 21:18 | Encolar | Villager (Male) |
| 21:19 | Encolar | Villager (Male) |
| 21:20 | Encolar | Villager (Male) |
| 21:24 | Investigar | Gillnets |
| 22:09 | Construir | House |
| 22:12 | Construir | House |
| 22:14 | Encolar | Villager (Male) |
| 22:14 | Encolar | Villager (Male) |
| 22:15 | Encolar | Villager (Male) |
| 22:47 | Encolar | Villager (Male) ×5 |
| 23:02 | Encolar | Villager (Male) |
| 23:02 | Encolar | Villager (Male) |
| 23:03 | Encolar | Villager (Male) |
| 23:03 | Encolar | Villager (Male) |
| 23:18 | Encolar | Villager (Male) |
| 23:37 | Construir | Castle |
| 23:49 | Encolar | Villager (Male) |
| 23:50 | Encolar | Villager (Male) |
| 23:51 | Encolar | Villager (Male) |
| 23:51 | Encolar | Villager (Male) |
| 24:11 | Encolar | Villager (Male) |
| 24:12 | Encolar | Villager (Male) |
| 24:12 | Encolar | Villager (Male) |
| 24:33 | Construir | Town Center |
| 24:42 | Encolar | Villager (Male) |
| 25:39 | Construir | Gate |
| 25:48 | Construir | Dock |
| 25:54 | Encolar | Unit 2579 |
| 25:54 | Encolar | Unit 2579 |
| 25:54 | Encolar | Unit 2579 |
| 25:57 | Encolar | Unit 2579 |
| 25:57 | Encolar | Unit 2579 |
| 26:05 | Construir | House |
| 26:08 | Encolar | Unit 2579 |
| 26:11 | Construir | House |
| 26:14 | Encolar | Unit 2579 |
| 26:14 | Encolar | Unit 2579 |
| 27:01 | Construir | House |
| 27:19 | Investigar | Imperial Age |
| 27:20 | Investigar | Imperial Age |
| 27:21 | Encolar | Unit 2579 |
| 27:22 | Encolar | Unit 2579 |
| 27:22 | Encolar | Unit 2579 |
| 27:36 | Construir | Dock |
| 27:48 | Encolar | Unit 2626 |
| 27:48 | Encolar | Unit 2626 |
| 27:48 | Encolar | Unit 2626 |
| 27:49 | Encolar | Unit 2626 |
Build order — TheFaceless23
Primeras 150 de 213 acciones detectadas
| 0:28 | Construir | Town Center |
| 0:36 | Construir | Dock |
| 2:46 | Encolar | Villager (Male) |
| 2:46 | Encolar | Villager (Male) |
| 2:48 | Encolar | Villager (Male) |
| 3:11 | Encolar | Villager (Male) |
| 3:27 | Encolar | Fishing Ship |
| 3:55 | Encolar | Villager (Male) |
| 4:17 | Construir | House |
| 4:30 | Encolar | Villager (Male) |
| 5:05 | Encolar | Villager (Male) |
| 5:09 | Encolar | Fishing Ship |
| 5:30 | Encolar | Villager (Male) |
| 5:50 | Encolar | Villager (Male) |
| 5:55 | Encolar | Fishing Ship |
| 6:01 | Construir | House |
| 6:30 | Encolar | Villager (Male) |
| 6:34 | Encolar | Fishing Ship |
| 6:57 | Encolar | Villager (Male) |
| 7:16 | Encolar | Villager (Male) |
| 7:30 | Construir | House |
| 7:37 | Construir | Mill |
| 7:48 | Encolar | Villager (Male) |
| 8:09 | Encolar | Villager (Male) |
| 8:12 | Encolar | Fishing Ship |
| 8:44 | Encolar | Villager (Male) |
| 8:44 | Investigar | Loom |
| 9:34 | Encolar | Fishing Ship |
| 9:42 | Investigar | Feudal Age |
| 10:04 | Construir | House |
| 11:17 | Encolar | Villager (Male) |
| 11:18 | Encolar | Villager (Male) |
| 11:52 | Edad | Edad Feudal |
| 11:58 | Construir | Town Center |
| 12:01 | Encolar | Villager (Male) |
| 12:06 | Construir | Dock |
| 12:09 | Encolar | Fishing Ship |
| 12:09 | Encolar | Fishing Ship |
| 12:24 | Construir | House |
| 12:25 | Construir | House |
| 12:45 | Encolar | Fishing Ship |
| 13:11 | Encolar | Villager (Male) |
| 13:15 | Encolar | Villager (Male) |
| 13:28 | Construir | Lumber Camp |
| 13:37 | Encolar | Villager (Male) |
| 13:46 | Construir | Palisade Wall |
| 14:01 | Construir | House |
| 14:03 | Encolar | Villager (Male) |
| 14:05 | Encolar | Villager (Male) |
| 14:20 | Construir | Farm |
| 14:24 | Construir | Farm |
| 14:29 | Encolar | Villager (Male) |
| 14:32 | Construir | Farm |
| 14:38 | Construir | Farm |
| 14:40 | Encolar | Villager (Male) |
| 15:01 | Encolar | Villager (Male) |
| 15:01 | Encolar | Villager (Male) |
| 15:11 | Construir | Blacksmith |
| 15:30 | Encolar | Villager (Male) |
| 15:56 | Encolar | Villager (Male) |
| 16:05 | Construir | Market |
| 16:08 | Encolar | Villager (Male) |
| 16:12 | Construir | Mill |
| 16:20 | Encolar | Villager (Male) |
| 16:26 | Construir | Farm |
| 16:59 | Encolar | Villager (Male) |
| 17:03 | Encolar | Villager (Male) |
| 17:05 | Encolar | Villager (Male) |
| 17:06 | Construir | Farm |
| 17:06 | Construir | Farm |
| 17:29 | Investigar | Castle Age |
| 17:32 | Construir | Farm |
| 17:32 | Construir | Farm |
| 17:33 | Construir | Farm |
| 17:41 | Construir | Farm |
| 17:48 | Construir | Farm |
| 17:49 | Encolar | Villager (Male) |
| 17:52 | Construir | Farm |
| 17:54 | Encolar | Villager (Male) |
| 18:05 | Construir | Barracks |
| 18:19 | Encolar | Villager (Male) |
| 18:35 | Investigar | Double-Bit Axe |
| 18:43 | Construir | Farm |
| 18:45 | Encolar | Villager (Male) |
| 18:47 | Construir | Farm |
| 19:03 | Construir | House |
| 19:26 | Encolar | Villager (Male) |
| 19:35 | Construir | Stable |
| 19:37 | Construir | Stable |
| 19:39 | Construir | Stable |
| 19:45 | Construir | Palisade Wall |
| 19:53 | Construir | House |
| 19:54 | Construir | House |
| 19:54 | Construir | House |
| 19:58 | Encolar | Villager (Male) |
| 20:00 | Construir | Mining Camp |
| 20:01 | Encolar | Villager (Male) |
| 20:07 | Construir | Stable |
| 20:09 | Edad | Edad de los Castillos |
| 20:17 | Investigar | Forging |
| 20:26 | Encolar | Villager (Male) |
| 20:27 | Encolar | Villager (Male) |
| 20:30 | Encolar | Steppe Lancer |
| 20:34 | Encolar | Steppe Lancer |
| 20:49 | Encolar | Villager (Male) |
| 20:52 | Construir | Dock |
| 21:00 | Encolar | Villager (Male) |
| 21:08 | Encolar | Steppe Lancer |
| 21:09 | Encolar | Steppe Lancer |
| 21:12 | Encolar | Steppe Lancer |
| 21:16 | Encolar | Steppe Lancer |
| 21:17 | Encolar | Steppe Lancer |
| 21:17 | Encolar | Villager (Male) |
| 21:30 | Encolar | Steppe Lancer |
| 21:35 | Encolar | Villager (Male) |
| 21:40 | Construir | Farm |
| 21:40 | Construir | Farm |
| 21:41 | Construir | Farm |
| 21:52 | Encolar | Villager (Male) |
| 22:09 | Encolar | Steppe Lancer |
| 22:09 | Encolar | Steppe Lancer |
| 22:25 | Encolar | Steppe Lancer |
| 22:25 | Encolar | Steppe Lancer |
| 22:27 | Encolar | Villager (Male) |
| 22:29 | Construir | Farm |
| 22:29 | Construir | Farm |
| 22:43 | Encolar | Steppe Lancer |
| 23:03 | Encolar | Steppe Lancer |
| 23:03 | Encolar | Steppe Lancer |
| 23:28 | Construir | Town Center |
| 23:33 | Encolar | Villager (Male) |
| 23:35 | Encolar | Villager (Male) |
| 23:43 | Construir | Town Center |
| 23:52 | Encolar | Steppe Lancer |
| 23:52 | Encolar | Steppe Lancer |
| 24:07 | Construir | Siege Workshop |
| 24:11 | Encolar | Steppe Lancer |
| 24:19 | Encolar | Steppe Lancer |
| 24:30 | Encolar | Villager (Male) |
| 24:33 | Encolar | Villager (Male) |
| 24:50 | Construir | Siege Workshop |
| 25:11 | Encolar | Villager (Male) |
| 25:12 | Encolar | Villager (Male) |
| 25:14 | Encolar | Villager (Male) |
| 25:20 | Encolar | Steppe Lancer |
| 25:20 | Encolar | Steppe Lancer |
| 25:43 | Encolar | Battering Ram |
| 25:55 | Encolar | Villager (Male) |
| 25:58 | Investigar | Horse Collar |
| 26:02 | Encolar | Villager (Male) |
Cronología de la partida
| 0:20 | 騷護士 · first_building Dock |
| 0:35 | DarkSIde1405 · first_building Dock |
| 0:36 | TheFaceless23 · first_building Dock |
| 0:48 | Peperra Jr · first_building Dock |
| 0:57 | CTM | cachicuervoo · first_building Dock |
| 1:09 | Osin Babosin · first_building Dock |
| 1:15 | far_costa · first_building Dock |
| 1:20 | CTM | cachicuervoo · wall_segment Palisade Wall x1 |
| 1:23 | CTM | cachicuervoo · wall_segment Palisade Wall x1 |
| 1:38 | Beller · first_building Dock |
| 2:19 | Beller · wall_segment Palisade Wall x1 |
| 2:52 | CTM | cachicuervoo · wall_segment Palisade Wall x1 |
| 6:04 | 騷護士 · wall_segment Palisade Wall x1 |
| 6:09 | 騷護士 · wall_segment Palisade Wall x1 |
| 8:16 | 騷護士 · wall_segment Palisade Wall x1 |
| 8:19 | 騷護士 · wall_segment Palisade Wall x1 |
| 8:22 | 騷護士 · wall_segment Palisade Wall x1 |
| 11:52 | TheFaceless23 · age_up feudal |
| 11:58 | DarkSIde1405 · age_up feudal |
| 12:58 | DarkSIde1405 · first_market_sell 100 wood |
| 12:59 | DarkSIde1405 · first_market_buy 100 food |
| 13:15 | 騷護士 · age_up feudal |
| 13:33 | CTM | cachicuervoo · age_up feudal |
| 13:34 | Beller · age_up feudal |
| 13:46 | TheFaceless23 · wall_segment Palisade Wall x1 |
| 14:21 | far_costa · age_up feudal |
| 14:23 | Peperra Jr · age_up feudal |
| 14:34 | CTM | cachicuervoo · first_market_sell 100 stone |
| 14:39 | DarkSIde1405 · wall_segment Palisade Wall x1 |
| 14:39 | DarkSIde1405 · wall_segment Palisade Wall x1 |
| 14:39 | DarkSIde1405 · wall_segment Palisade Wall x1 |
| 15:05 | 騷護士 · first_building Barracks |
| 15:13 | 騷護士 · first_market_buy 100 food |
| 15:55 | Peperra Jr · first_market_buy 100 food |
| 15:56 | Peperra Jr · first_market_sell 100 wood |
| 16:42 | CTM | cachicuervoo · age_up castle |
| 17:02 | DarkSIde1405 · age_up castle |
| 17:30 | CTM | cachicuervoo · first_building Castle |
| 17:48 | Beller · first_building Barracks |
| 17:55 | CTM | cachicuervoo · first_building Siege Workshop |
| 18:05 | TheFaceless23 · first_building Barracks |
| 18:31 | DarkSIde1405 · wall_segment Palisade Wall x3 |
| 18:38 | 騷護士 · age_up castle |
| 19:10 | Beller · first_building Archery Range |
| 19:21 | Peperra Jr · age_up castle |
| 19:23 | Osin Babosin · first_building Castle |
| 19:35 | TheFaceless23 · first_building Stable |
| 19:45 | TheFaceless23 · wall_segment Palisade Wall x1 |
| 20:09 | TheFaceless23 · age_up castle |
| 20:13 | Beller · age_up castle |
| 20:21 | TheFaceless23 · first_market_buy 100 food |
| 21:10 | TheFaceless23 · first_market_sell 100 wood |
| 21:41 | far_costa · first_market_sell 100 food |
| 22:09 | DarkSIde1405 · wall_segment Palisade Wall x8 |
| 22:35 | far_costa · age_up castle |
| 22:56 | CTM | cachicuervoo · first_market_buy 100 food |
| 23:37 | 騷護士 · first_building Castle |
| 24:07 | TheFaceless23 · first_building Siege Workshop |
| 24:39 | Peperra Jr · first_building Monastery |
| 24:40 | DarkSIde1405 · wall_segment Palisade Wall x1 |
| 24:46 | Beller · first_building Stable |
| 25:58 | Osin Babosin · first_building Barracks |
| 27:07 | 騷護士 · first_market_sell 500 stone |
| 27:08 | Peperra Jr · first_building Castle |
| 27:17 | far_costa · first_market_buy 100 wood |
| 27:24 | Osin Babosin · first_building Monastery |
| 28:24 | Peperra Jr · first_building Barracks |
| 28:45 | Peperra Jr · age_up imperial |
| 29:05 | Beller · first_market_buy 100 wood |
| 29:07 | Osin Babosin · first_building Stable |
| 29:15 | DarkSIde1405 · first_building Monastery |
| 29:28 | Peperra Jr · first_building Archery Range |
| 30:29 | Beller · resign |
| 30:29 | 騷護士 · age_up imperial |
[ ANÁLISIS IA · 1 CRÉDITO ]
¿Qué pasó realmente en esta partida?
Wolo.gg analiza cada decisión: build order, eco, micro, errores típicos por bracket. Análisis personalizado por WhatsApp o Discord en 30 segundos.
Guía civ
Malayos
Perfil
Jugador #24735727